 Dungeon Crawl Stone Soup version 0.28.0-45-g0d030f2227 (webtiles) character file.

Game seed: 315956973202354051

116 Saba the Bolt Thrower (level 5, 0/32 HPs)
             Began as a Gargoyle Hunter on Apr 4, 2022.
             Slain by an orc wizard
             ... wielding a +0 dagger
              (3 damage)
             ... on level 3 of the Dungeon.
             The game lasted 00:03:39 (3035 turns).

Saba the Bolt Thrower (Gargoyle Hunter)             Turns: 3035, Time: 00:03:39

Health: 0/32       AC:  7    Str: 17    XL:     5   Next: 0%
Magic:  5/5        EV: 12    Int: 12    God:
Gold:   94         SH:  0    Dex: 10    Spells: 4/4 levels left

rFire   . . .      SeeInvis .   b - +0 short sword
rCold   . . .      Faith    .   (no shield)
rNeg    + . .      Spirit   .   c - +0 leather armour
rPois   ∞          Reflect  .   (no helmet)
rElec   +          Harm     .   (no cloak)
rCorr   .          Rampage  .   (no gloves)
Will    .....                   (no boots)
Stlth   +.........              (no amulet)
HPRegen 0.10/turn               (no ring)
MPRegen 0.09/turn               (no ring)

@: about to teleport
A: sickness immunity, AC +4, negative energy resistance 1, electricity
resistance, torment resistance 1, petrification resistance
a: no special abilities


You were on level 3 of the Dungeon.
You visited 1 branch of the dungeon, and saw 3 of its levels.

You collected 94 gold pieces.

Inventory:

Hand Weapons
 a - a +1 hand crossbow
 b - a +0 short sword (weapon)
Missiles
 d - 20 bolts
Armour
 c - a +0 leather armour (worn)
Scrolls
 e - a scroll of identify
 f - 2 scrolls of teleportation


   Skills:
 + Level 3.2 Fighting
 + Level 4.6 Crossbows
 + Level 2.2 Armour
 + Level 2.4 Dodging
 - Level 1.1 Stealth


You had 4 spell levels left.
You didn't know any spells.
Your spell library was empty.

Dungeon Overview and Level Annotations

Branches:
Dungeon (3/15)

Altars:
Cheibriados


Innate Abilities, Weirdness & Mutations

You are immune to sickness and miasma.
Your stone body is resilient. (AC +4)
You are immune to poison.
You resist negative energy. (rN+)
You are resistant to electric shocks. (rElec)
You are resistant to unholy torment.
You are immune to petrification.


Message History

You hit the orc wizard but do no damage.
The orc wizard misses you.
You hit the orc wizard.
The orc wizard is moderately wounded.
The orc wizard casts a spell.
The orc wizard flickers and vanishes!
Deactivating autopickup; reactivate with Ctrl-A.
Something hits you.
No target in view!
No target in view!
No target in view!
Something hits you but does no damage.
You hear some strange, mumbled words.
Something tries to affect you, but you resist.
There is an open door here.
You hear some strange, mumbled words.
Something tries to affect you, but you resist.
Something hits you but does no damage.
You miss something.
You hear some strange, mumbled words.
A puff of flame appears from out of thin air!
The puff of flame hits you! Something hits you.
You closely miss something. Something hits you.
You barely miss something. Something hits you but does no damage.
You hit something but do no damage. Something hits you.
* * * LOW HITPOINT WARNING * * *
You miss something.
You hear some strange, mumbled words.
A puff of flame appears from out of thin air!
The puff of flame hits you.
* * * LOW HITPOINT WARNING * * *
You hit something but do no damage. Your punch misses something.
You hear some strange, mumbled words.
A puff of flame appears from out of thin air!
The puff of flame hits you but does no damage.
You miss something. Something hits you but does no damage.
You aren't carrying any potions.
As you read the scroll of teleportation, it crumbles to dust.
You feel strangely unstable. Something hits you.
You die...

#....####.#.##.####
#....# #.#.##.#.##
#....# #.#.##....#
#########.#.####.##
#.......#....#
######..#....###
#.......#.#..#
#.#..........#
#@#.#..<#....#
###{#.#.#.#....#
#.......#.##..##
#....####......#
#....'....#.####
#....####.#..
###### #.#. #.#


There were no monsters in sight!

Vanquished Creatures
  A howler monkey (D:2)
  3 adders (D:2)
  An adder skeleton (D:2)
  2 worms (D:2)
  A dart slug (D:2)
  4 bats
  2 endoplasms (D:2)
  A giant cockroach (D:2)
  A goblin (D:1)
  3 hobgoblins (D:2)
  8 kobolds
  A quokka (D:2)
  5 ball pythons
  6 frilled lizards (D:2)
  4 rats
43 creatures vanquished.

Notes
Turn   | Place    | Note
-------+----------+-------------------------------------------
     0 | D:1      | Saba the Gargoyle Hunter began the quest for the Orb.
     0 | D:1      | Reached XP level 1. HP: 12/12 MP: 1/1
   207 | D:1      | Reached XP level 2. HP: 18/18 MP: 2/2
   743 | D:1      | Found a snail-covered altar of Cheibriados.
   793 | D:2      | Reached skill level 1 in Armour
   901 | D:2      | Found a faded altar of an unknown god.
  1052 | D:2      | Reached XP level 3. HP: 22/22 MP: 3/3
  1912 | D:2      | Reached XP level 4. HP: 18/28 MP: 4/4
  2627 | D:2      | Reached XP level 5. HP: 17/32 MP: 5/5
  3035 | D:3      | Slain by an orc wizard

Illustrated notes

Levels and vault maps discovered:
D:1:      dpeg_arrival_lava_altar, layout_loops_ring, minmay_misc_feat_hallway
D:2:      layout_basic, hellmonk_ecumenical_altar_slurped_away,
          minmay_lizard_pond
D:3:      layout_basic

Skill      XL: |  1  2  3  4 |
---------------+-------------+-----
Armour         | 1 2 |  2.2
Dodging        | 2 |  2.4
Fighting       | 3 |  3.2
Crossbows      | |  4.6
Stealth        | |  1.1

Action                   |  1- 3 |  4- 6 || total
-------------------------+-------+-------++-------
Melee: Short sword       |   117 |    87 ||   204
       Punch             |     1 |     1 ||     2
 Fire: Hand crossbow     |     5 |     3 ||     8
  Use: Scroll            |     2 |     1 ||     3
       Potion            |     2 |       ||     2
Armor: Leather armour    |    40 |    50 ||    90
Dodge: Dodged            |    65 |    71 ||   136
